 Dungeon Crawl Stone Soup version 0.29.1-2-gbd0b4ee654 (webtiles) character file.

Game seed: 2792746131833936588

1521 mydica the Cleaver (level 9, -5/69 HPs)
             Began as a Human Berserker on Nov 26, 2022.
             Was a Priest of Trog.
             Slain by a seven-headed hydra (10 damage)
             ... on level 7 of the Dungeon.
             The game lasted 00:27:33 (7639 turns).

mydica the Cleaver (Human Berserker)                Turns: 7639, Time: 00:27:34

Health: -5/69      AC: 13    Str: 23    XL:     9   Next: 10%
Magic:  0/9        EV: 11    Int:  7    God:    Trog [***...]
Gold:   257        SH:  3    Dex: 12    Spells: 8/8 levels left

rFire   + . .      SeeInvis .   F - +3 war axe
rCold   . . .      Faith    .   m - +0 buckler
rNeg    + . .      Spirit   +   T - +0 swamp dragon scales
rPois   +          Reflect  .   s - +2 hat {Will+}
rElec   .          Harm     .   J - +2 cloak {rCorr}
rCorr   +          Rampage  .   (no gloves)
Will    +....                   H - +0 pair of boots
Stlth   +.........              r - amulet of guardian spirit
HPRegen 0.21/turn               i - ring of protection from fire
MPRegen 0.11/turn               u - ring of positive energy

@: no status effects
A: no striking features
a: Renounce Religion, Berserk, Trog's Hand


You were on level 7 of the Dungeon.
You worshipped Trog.
Trog was most pleased with you.
You visited 2 branches of the dungeon, and saw 8 of its levels.

You collected 257 gold pieces.

Inventory:

Hand Weapons
 a - a +0 hand axe
 e - a +2 dagger of venom
 p - a +0 sling
 F - a +3 war axe (weapon)
Missiles
 E - 7 poisoned darts (quivered)
 I - 3 atropa-tipped darts
Armour
 b - a +0 animal skin
 d - a +0 leather armour
 m - a +0 buckler (worn)
 s - a +2 hat of willpower (worn)
 y - a scarf of invisibility
 G - a +0 ring mail
 H - a +0 pair of boots (worn)
 J - a +2 cloak of preservation (worn)
 T - +0 swamp dragon scales (worn)
Magical Staves
 h - a staff of air
Jewellery
 i - a ring of protection from fire (left hand)
 r - an amulet of guardian spirit (around neck)
 u - a ring of positive energy (right hand)
 M - a ring of magical power
Wands
 O - a wand of light (11)
Scrolls
 j - 2 scrolls of immolation {unknown}
 k - a scroll of teleportation {unknown}
 l - 8 scrolls of identify {unknown}
 n - a scroll of magic mapping {unknown}
 o - 2 scrolls of amnesia {unknown}
 C - 2 scrolls of enchant armour {unknown}
 D - 4 scrolls of vulnerability {unknown}
 K - a scroll of noise {unknown}
 N - a scroll of fear {unknown}
 R - a scroll of blinking {unknown}
 S - a scroll of torment {unknown}
Potions
 c - 2 potions of degeneration {unknown}
 f - 2 potions of curing {unknown}
 g - 2 potions of heal wounds {unknown}
 q - 3 potions of lignification {unknown}
 t - 3 potions of flight {unknown}
 v - a potion of invisibility {unknown}
 w - 2 potions of haste {unknown}
 x - 2 potions of attraction {unknown}
 z - 5 potions of magic {unknown}
 A - a potion of might {unknown}
 B - 3 potions of mutation {unknown}
 L - a potion of resistance {unknown}
 P - 3 potions of brilliance {unknown}
 Q - a potion of ambrosia {unknown}


   Skills:
 - Level 6.0 Fighting
 + Level 9.9 Axes
 - Level 2.0 Armour
 - Level 2.0 Dodging


You had 8 spell levels left.
You didn't know any spells.
Your spell library contained the following spells:

 Spells                   Type           Power      Damage    Failure   Level
 Slow                     Hex            0%         N/A       71%         1
 Static Discharge         Conj/Air       0%         3-3/arc   83%         2
 Confusing Touch          Hex            0%         N/A       97%         3
 Vampiric Draining        Necr           0%         2d6       97%         3
 Dispel Undead            Necr           0%         3d6       100%        4
 Sticky Flame             Conj/Fire      0%         2d3       100%        4


Dungeon Overview and Level Annotations

Branches:
Dungeon (7/15)             Temple (1/1) D:4

Altars:
Ashenzari
Cheibriados
Dithmenos
Gozag
Hepliaklqana
Kikubaaqudgha
Makhleb
Okawaru
Qazlal
Ru
Sif Muna
Trog
Uskayaw
Vehumet
Wu Jian
Xom
Yredelemnul
The Shining One


Message History

The seven-headed hydra barely misses you. x2
You block the seven-headed hydra's attack.
The seven-headed hydra bites you.
The seven-headed hydra barely misses you.
The seven-headed hydra completely misses you.
The seven-headed hydra bites you.
The seven-headed hydra bites you but does no damage.
The seven-headed hydra bites you!
The seven-headed hydra completely misses you.
You block the seven-headed hydra's attack.
The seven-headed hydra closely misses you.
The seven-headed hydra bites you but does no damage.
The seven-headed hydra bites you. The seven-headed hydra bites you!
The seven-headed hydra barely misses you.
The seven-headed hydra bites you.
The seven-headed hydra closely misses you.
You block the seven-headed hydra's attack.
The seven-headed hydra bites you! The seven-headed hydra bites you.
The seven-headed hydra bites you but does no damage. x2
The seven-headed hydra closely misses you.
The seven-headed hydra bites you! x2
* * * LOW HITPOINT WARNING * * *
The seven-headed hydra bites you.
* * * LOW HITPOINT WARNING * * *
The seven-headed hydra attacks as you move away!
The seven-headed hydra bites you but does no damage. x2
The seven-headed hydra barely misses you.
The seven-headed hydra bites you but does no damage.
The seven-headed hydra closely misses you.
The seven-headed hydra misses you. The seven-headed hydra bites you.
* * * LOW HITPOINT WARNING * * *
The seven-headed hydra attacks as you move away!
The seven-headed hydra bites you.
* * * LOW HITPOINT WARNING * * *
The seven-headed hydra bites you.
* * * LOW HITPOINT WARNING * * *
The seven-headed hydra bites you but does no damage.
The seven-headed hydra bites you!
You die...

### ### ##.#
..## #..#
...## #..#
....# ##D##
....## #@.#
.....# #(##
..)..##
###.#
......#
##..(#
......##
##...(##
.......#
##......#
.......#
#...(...###
......##
#..........#
.....##
#........#.#
#####


You could see a seven-headed hydra.

Vanquished Creatures
  Maggie (D:7)
  Eustachio (D:5)
  2 black bears (D:5)
  A phantom (D:6)
  A bullfrog (D:6)
  A scorpion (D:6)
  5 orc priests
  Crazy Yiuf (D:4)
  A jelly (D:4)
  3 gnoll boudas
  An iguana (D:6)
  8 adders
  17 gnolls
  A shadow imp (D:6)
  3 white imps
  An ufetubus (D:5)
  3 worms
  A dart slug (D:1)
  29 orcs
  10 ball pythons
  10 bats
  An endoplasm (D:1)
  2 giant cockroaches
  5 goblins
  4 hobgoblins
  2 jackals (D:2)
  5 quokkas
  3 frilled lizards
  5 kobolds
  8 rats
136 creatures vanquished.

Notes
Turn   | Place    | Note
-------+----------+-------------------------------------------
     0 | D:1      | mydica the Human Berserker began the quest for the Orb.
     0 | D:1      | Reached XP level 1. HP: 18/18 MP: 1/1
   198 | D:1      | Reached XP level 2. HP: 13/24 MP: 2/2
   355 | D:1      | Found a faded altar of an unknown god.
  1198 | D:1      | Reached XP level 3. HP: 30/30 MP: 3/3
  1363 | D:1      | Reached ** piety under Trog
  2223 | D:2      | Reached XP level 4. HP: 38/38 MP: 4/4
  2894 | D:3      | Reached skill level 5 in Fighting
  3609 | D:3      | Reached XP level 5. HP: 42/44 MP: 3/5
  4827 | D:4      | Found a shadowy altar of Dithmenos.
  4863 | D:4      | Reached XP level 6. HP: 52/52 MP: 6/6
  4873 | D:4      | Reached skill level 4 in Axes
  5044 | D:4      | Found a bloodstained altar of Trog.
  5455 | D:4      | Found a staircase to the Ecumenical Temple.
  5471 | Temple   | Entered the Ecumenical Temple
  5611 | D:4      | Found a runed translucent door.
  5612 | D:4      | Noticed Crazy Yiuf
  5697 | D:4      | Found a radiant altar of Vehumet.
  5792 | D:4      | Killed Crazy Yiuf
  5793 | D:4      | Reached skill level 5 in Axes
  5793 | D:4      | Reached XP level 7. HP: 58/58 MP: 7/7
  5868 | D:5      | Entered Level 5 of the Dungeon
  6151 | D:5      | Reached skill level 6 in Axes
  6401 | D:5      | Noticed Eustachio
  6425 | D:5      | Killed Eustachio
  6426 | D:5      | Reached skill level 7 in Axes
  6426 | D:5      | Reached XP level 8. HP: 47/64 MP: 5/8
  6685 | D:6      | Reached skill level 8 in Axes
  6694 | D:6      | Reached *** piety under Trog
  6822 | D:6      | Found a basalt altar of Yredelemnul.
  6931 | D:6      | Found a glowing golden altar of the Shining One.
  7015 | D:6      | Found a burning altar of Makhleb.
  7034 | D:6      | Noticed a blizzard demon
  7038 | D:6      | Noticed a hellwing
  7038 | D:6      | Noticed a smoke demon
  7464 | D:7      | Noticed Maggie
  7475 | D:7      | Killed Maggie
  7476 | D:7      | Reached skill level 9 in Axes
  7476 | D:7      | Reached XP level 9. HP: 69/69 MP: 6/9
  7621 | D:7      | Noticed a six-headed hydra
  7639 | D:7      | Slain by a seven-headed hydra

Illustrated notes

Levels and vault maps discovered:
D:1:      moated_graveyard_arrival, layout_basic,
          dreamdust_ecumenical_altar_angels_and_demons,
          chequers_serial_rivers_micro_c, amethyst_killhole, minmay_pentomino_r4
D:2:      layout_basic
D:3:      layout_basic
D:4:      layout_basic, mainiacjoe_overflow_boulevard,
          mainiacjoe_overflow_swirl, minmay_temple_entry_antechambers,
          uniq_crazy_yiuf_cottage
D:5:      layout_rooms, uniq_eustachio
D:6:      layout_rooms, mainiacjoe_overflow_cross_hatched,
          makhleb_altar_promises_db, mainiacjoe_overflow_small_starburst,
          st_stairs_1
D:7:      minmay_cornered_nines, layout_cave_pods, mainiacjoe_overflow_alcove_2,
          nicolae_elevator_lobby_plus, uniq_maggie
Temple:   hellmonk_temple_two_chambers

Skill      XL: |  1  2  3  4  5  6  7  8 |
---------------+-------------------------+-----
Fighting       | 4 5 6 |  6.0
Axes           | 5 7 9 |  9.9
Armour         | |  2.0
Dodging        | |  2.0

Action                   |  1- 3 |  4- 6 |  7- 9 || total
-------------------------+-------+-------+-------++-------
Melee: Hand axe          |    62 |   107 |       ||   169
       Punch             |     1 |       |       ||     1
       Dagger            |    58 |       |       ||    58
       War axe           |       |    44 |   124 ||   168
Throw: Dart              |       |       |     4 ||     4
Invok: Berserk           |     1 |     5 |     5 ||    11
       Trog's Hand       |       |     3 |     1 ||     4
Armor: Animal skin       |     9 |       |       ||     9
       Leather armour    |    32 |    45 |       ||    77
       Ring mail         |       |    15 |    82 ||    97
       Swamp dragon scal |       |       |    17 ||    17
Dodge: Dodged            |    91 |   103 |    97 ||   291
Block: Buckler           |     5 |    20 |    24 ||    49
